General information
- name: BNet
- type: Ladder team game (AT/RT)
- host: Battle.net
- saver: 4v4ATPlayer
map: GoldRush
- players: 8
- length: 16:11
- speed: Fast
- version: 1.21 W3XP
- replay type: Public
» download(146 KB)
Players
team 1 (winner)
4v4ATPlayer (
pink | 59 APM | 958 actions | 16:11)
1 Blademaster
1 Wind Walk
» actions
| Assign group hotkey | 16 | |
| Basic commands | 20 | |
| Build / train | 38 | |
| Enter build submenu | 13 | |
| Enter hero's abilities submenu | 1 | |
| Right click | 474 | |
| Select / deselect | 164 | |
| Select group hotkey | 203 | |
| Use ability | 29 | |
958 total
» units
» upgrades
| Liquid Fire | 1 | |
| Ranged Weapons | 2 | |
| Reinforced Defenses | 1 | |
4 total
» buildings
| Altar of Storms | 1 | |
| Orc Burrow | 4 | |
| War Mill | 1 | |
| Voodoo Lounge | 1 | |
| Watch Tower | 4 | |
| Stronghold | 1 | |
| Fortress | 1 | |
| Beastiary | 2 | |
15 total
» build order
00:04 Altar of Storms
00:06 Orc Burrow
01:52 War Mill
02:14 Voodoo Lounge
03:13 Watch Tower
03:16 Watch Tower
04:20 Stronghold
04:29 Watch Tower
05:17 Orc Burrow
05:38 Watch Tower
06:53 Fortress
07:30 Beastiary
07:32 Beastiary
08:04 Orc Burrow
11:56 Orc Burrow
» items
| Healing Salve | 1 | |
| Lesser Clarity Potion | 2 | |
| Scroll of Speed | 2 | |
| Orb of Lightning | 1 | |
| Scroll of Town Portal | 2 | |
8 total

»
66Dragon6 (
yellow | 86 APM | 1394 actions | 16:10)
4 Demon Hunter
2 Immolation
2 Evasion
2 Priestess of the Moon
1 Scout
1 Trueshot Aura
2 Keeper of the Grove
1 Entangling Roots
1 Thorns Aura
» actions
| Assign group hotkey | 28 | |
| Build / train | 94 | |
| ESC pressed | 7 | |
| Enter build submenu | 20 | |
| Enter hero's abilities submenu | 8 | |
| Give item / drop item | 2 | |
| Right click | 597 | |
| Select / deselect | 215 | |
| Select group hotkey | 336 | |
| Use ability | 87 | |
1394 total
» units
| Wisp | 51 | |
| Archer | 10 | |
| Druid of the Talon | 1 | |
62 total
» upgrades
| Strength of the Wild | 2 | |
| Reinforced Hides | 2 | |
| Ultravision | 1 | |
5 total
» buildings
| Altar of Elders | 1 | |
| Moon Well | 3 | |
| Ancient of War | 1 | |
| Tree of Life | 8 | |
| Tree of Ages | 1 | |
| Hunter's Hall | 1 | |
| Ancient of Wonders | 1 | |
| Ancient of Wind | 1 | |
| Tree of Eternity | 1 | |
| Chimaera Roost | 2 | |
20 total
» build order
00:09 Altar of Elders
00:13 Moon Well
00:48 Ancient of War
01:31 Moon Well
02:54 Tree of Life
04:02 Tree of Life
05:12 Tree of Life
05:46 Tree of Ages
06:18 Hunter's Hall
06:44 Moon Well
06:52 Ancient of Wonders
08:16 Tree of Life
09:22 Tree of Life
09:44 Ancient of Wind
10:24 Tree of Eternity
11:53 Tree of Life
12:28 Tree of Life
13:21 Chimaera Roost
13:22 Chimaera Roost
14:33 Tree of Life
» items
| Potion of Healing | 2 | |
| Rod of Necromancy | 1 | |
| Scroll of Town Portal | 3 | |
| Moonstone | 2 | |
| Staff of Preservation | 2 | |
| Scroll of Protection | 1 | |
| Scroll of Healing | 2 | |
| Orb of Venom | 1 | |
14 total
KNIFE]NOOBELF (
orange | 86 APM | 1387 actions | 16:10)
5 Death Knight
3 Death Coil
2 Unholy Aura
3 Lich
2 Frost Nova
1 Dark Ritual
» actions
| Assign group hotkey | 47 | |
| Basic commands | 13 | |
| Build / train | 56 | |
| Enter build submenu | 17 | |
| Enter hero's abilities submenu | 8 | |
| Give item / drop item | 1 | |
| Right click | 716 | |
| Select / deselect | 166 | |
| Select group hotkey | 315 | |
| Use ability | 48 | |
1387 total
» units
| Acolyte | 13 | |
| Ghoul | 5 | |
| Crypt Fiend | 5 | |
| Frost Wyrm | 6 | |
29 total
» upgrades
| Creature Attack | 3 | |
| Creature Carapace | 1 | |
| Freezing Breath | 1 | |
5 total
» buildings
| Graveyard | 1 | |
| Crypt | 1 | |
| Ziggurat | 9 | |
| Altar of Darkness | 1 | |
| Tomb of Relics | 1 | |
| Halls of the Dead | 3 | |
| Nerubian Tower | 1 | |
| Necropolis | 1 | |
| Black Citadel | 1 | |
| Sacrificial Pit | 1 | |
| Boneyard | 3 | |
23 total
» build order
00:06 Graveyard
00:23 Crypt
00:31 Ziggurat
00:43 Altar of Darkness
01:16 Ziggurat
01:42 Ziggurat
01:46 Tomb of Relics
02:31 Halls of the Dead
02:31 Halls of the Dead
03:00 Nerubian Tower
03:54 Ziggurat
04:02 Necropolis
05:12 Black Citadel
06:24 Sacrificial Pit
07:56 Boneyard
07:59 Boneyard
08:01 Boneyard
08:11 Ziggurat
08:12 Ziggurat
08:13 Ziggurat
08:15 Ziggurat
11:16 Ziggurat
» items
| Rod of Necromancy | 1 | |
| Healing Salve | 1 | |
| Orb of Corruption | 2 | |
| Scroll of Town Portal | 2 | |
| Potion of Mana | 1 | |
7 total
PEE-ON (
teal | 83 APM | 1338 actions | 16:10)
2 Blademaster
1 Wind Walk
1 Critical Strike
» actions
| Assign group hotkey | 6 | |
| Basic commands | 1 | |
| Build / train | 47 | |
| Enter build submenu | 18 | |
| Enter hero's abilities submenu | 2 | |
| Remove unit from queue | 2 | |
| Right click | 623 | |
| Select / deselect | 103 | |
| Select group hotkey | 483 | |
| Use ability | 53 | |
1338 total
» units
» upgrades
| Ranged Weapons | 3 | |
| Liquid Fire | 1 | |
4 total
» buildings
| Altar of Storms | 1 | |
| Orc Burrow | 6 | |
| Voodoo Lounge | 1 | |
| War Mill | 1 | |
| Watch Tower | 5 | |
| Stronghold | 1 | |
| Beastiary | 2 | |
| Fortress | 2 | |
19 total
» build order
00:07 Altar of Storms
00:09 Orc Burrow
00:51 Voodoo Lounge
01:04 War Mill
01:36 Orc Burrow
02:31 Watch Tower
03:10 Watch Tower
03:43 Watch Tower
04:28 Watch Tower
04:52 Orc Burrow
05:33 Watch Tower
05:35 Stronghold
07:57 Beastiary
08:03 Beastiary
08:44 Fortress
08:44 Fortress
09:59 Orc Burrow
11:15 Orc Burrow
11:16 Orc Burrow
» items
| Healing Salve | 3 | |
| Lesser Clarity Potion | 7 | |
| Boots of Speed | 1 | |
| Staff of Teleportation | 2 | |
| Scroll of Town Portal | 2 | |
15 total
team 2 (loser)
EN.TorbeN (
blue | 96 APM | 1531 actions | 15:53)
4 Death Knight
2 Death Coil
2 Unholy Aura
2 Lich
1 Frost Nova
1 Frost Armor
» actions
| Assign group hotkey | 36 | |
| Build / train | 89 | |
| ESC pressed | 2 | |
| Enter build submenu | 26 | |
| Enter hero's abilities submenu | 6 | |
| Give item / drop item | 1 | |
| Remove unit from queue | 1 | |
| Right click | 601 | |
| Select / deselect | 221 | |
| Select group hotkey | 468 | |
| Use ability | 80 | |
1531 total
» units
| Acolyte | 16 | |
| Ghoul | 8 | |
| Crypt Fiend | 16 | |
40 total
» upgrades
» buildings
| Graveyard | 1 | |
| Crypt | 1 | |
| Altar of Darkness | 1 | |
| Ziggurat | 11 | |
| Tomb of Relics | 1 | |
| Nerubian Tower | 2 | |
| Necropolis | 3 | |
| Halls of the Dead | 3 | |
| Spirit Tower | 5 | |
| Black Citadel | 7 | |
| Sacrificial Pit | 1 | |
36 total
» build order
00:07 Graveyard
00:12 Crypt
00:42 Altar of Darkness
00:58 Ziggurat
01:32 Tomb of Relics
01:59 Ziggurat
02:33 Nerubian Tower
05:13 Necropolis
05:35 Ziggurat
06:36 Halls of the Dead
07:11 Ziggurat
07:41 Ziggurat
07:58 Ziggurat
08:10 Ziggurat
08:19 Ziggurat
08:41 Nerubian Tower
08:55 Spirit Tower
09:23 Spirit Tower
09:26 Ziggurat
10:08 Black Citadel
10:08 Black Citadel
10:08 Black Citadel
10:52 Sacrificial Pit
13:13 Halls of the Dead
13:13 Halls of the Dead
13:20 Necropolis
14:32 Spirit Tower
14:35 Ziggurat
15:02 Necropolis
15:08 Spirit Tower
15:10 Ziggurat
15:36 Black Citadel
15:36 Black Citadel
» items
| Dust of Appearance | 6 | |
| Rod of Necromancy | 5 | |
| Potion of Healing | 3 | |
| Scroll of Town Portal | 2 | |
16 total
iN00B (
green | 83 APM | 1338 actions | 16:09)
3 Tauren Chieftain
2 Shockwave
1 Endurance Aura
1 Pandaren Brewmaster
1 Breath of Fire
» actions
| Assign group hotkey | 194 | |
| Basic commands | 1 | |
| Build / train | 57 | |
| Enter build submenu | 28 | |
| Enter hero's abilities submenu | 5 | |
| Remove unit from queue | 2 | |
| Right click | 402 | |
| Select / deselect | 337 | |
| Select group hotkey | 246 | |
| Use ability | 66 | |
1338 total
» units
| Peon | 17 | |
| Grunt | 6 | |
| Raider | 3 | |
| Troll Batrider | 9 | |
35 total
» upgrades
» buildings
| Altar of Storms | 1 | |
| Orc Burrow | 8 | |
| Barracks | 1 | |
| Great Hall | 3 | |
| Voodoo Lounge | 1 | |
| Stronghold | 4 | |
| War Mill | 1 | |
| Watch Tower | 5 | |
| Beastiary | 3 | |
| Fortress | 1 | |
28 total
» build order
00:06 Altar of Storms
00:18 Orc Burrow
00:36 Barracks
01:31 Orc Burrow
03:14 Great Hall
03:23 Voodoo Lounge
03:47 Stronghold
03:47 Stronghold
04:16 War Mill
04:26 Orc Burrow
06:14 Watch Tower
06:15 Watch Tower
06:15 Watch Tower
06:38 Beastiary
07:27 Beastiary
07:29 Beastiary
07:38 Great Hall
09:23 Watch Tower
09:23 Watch Tower
09:50 Great Hall
10:06 Orc Burrow
11:24 Orc Burrow
11:29 Orc Burrow
13:22 Orc Burrow
14:35 Orc Burrow
15:53 Fortress
» items
| Healing Salve | 2 | |
| Lesser Clarity Potion | 1 | |
| Scroll of Speed | 1 | |
4 total
KlNGofHEARTS (
purple | 75 APM | 1188 actions | 15:50)
4 Tauren Chieftain
2 Shockwave
2 Endurance Aura
1 Pandaren Brewmaster
1 Breath of Fire
» actions
| Assign group hotkey | 9 | |
| Build / train | 69 | |
| ESC pressed | 1 | |
| Enter build submenu | 21 | |
| Enter hero's abilities submenu | 5 | |
| Right click | 492 | |
| Select / deselect | 343 | |
| Select group hotkey | 205 | |
| Use ability | 42 | |
1188 total
» units
| Peon | 21 | |
| Grunt | 6 | |
| Tauren | 2 | |
| Troll Witch Doctor | 1 | |
30 total
» upgrades
| Pillage | 1 | |
| Witch Doctor Training | 2 | |
| Pulverize | 1 | |
| Armor | 1 | |
5 total
» buildings
| Altar of Storms | 1 | |
| Orc Burrow | 6 | |
| Barracks | 1 | |
| Stronghold | 3 | |
| Great Hall | 1 | |
| Voodoo Lounge | 1 | |
| War Mill | 2 | |
| Fortress | 3 | |
| Spirit Lodge | 1 | |
| Watch Tower | 3 | |
| Tauren Totem | 2 | |
24 total
» build order
00:03 Altar of Storms
00:04 Orc Burrow
00:22 Barracks
01:36 Orc Burrow
03:26 Stronghold
03:27 Stronghold
03:27 Stronghold
04:02 Great Hall
04:15 Voodoo Lounge
04:59 War Mill
05:14 Orc Burrow
05:48 Fortress
05:48 Fortress
05:48 Fortress
06:39 Spirit Lodge
08:15 Watch Tower
08:16 Watch Tower
08:18 Watch Tower
09:02 Tauren Totem
09:12 Tauren Totem
09:53 Orc Burrow
11:17 Orc Burrow
11:39 Orc Burrow
15:34 War Mill
» items
| Healing Salve | 1 | |
| Scroll of Speed | 1 | |
| Lesser Clarity Potion | 1 | |
| Potion of Healing | 2 | |
| Potion of Mana | 2 | |
| Scroll of Town Portal | 2 | |
9 total
nR.daN (
red | 64 APM | 1002 actions | 15:37)
3 Death Knight
2 Death Coil
1 Unholy Aura
1 Lich
1 Frost Nova
» actions
| Build / train | 42 | |
| Enter build submenu | 15 | |
| Enter hero's abilities submenu | 4 | |
| Remove unit from queue | 1 | |
| Right click | 585 | |
| Select / deselect | 311 | |
| Use ability | 44 | |
1002 total
» units
| Acolyte | 4 | |
| Ghoul | 4 | |
| Crypt Fiend | 9 | |
| Frost Wyrm | 4 | |
21 total
» upgrades
| Creature Attack | 2 | |
| Web | 1 | |
| Creature Carapace | 1 | |
4 total
» buildings
| Graveyard | 1 | |
| Crypt | 1 | |
| Ziggurat | 7 | |
| Altar of Darkness | 1 | |
| Tomb of Relics | 2 | |
| Nerubian Tower | 1 | |
| Halls of the Dead | 1 | |
| Black Citadel | 1 | |
| Spirit Tower | 2 | |
| Sacrificial Pit | 1 | |
| Boneyard | 2 | |
20 total
» build order
00:12 Graveyard
00:14 Crypt
00:40 Ziggurat
01:00 Altar of Darkness
01:59 Tomb of Relics
02:01 Ziggurat
03:13 Nerubian Tower
04:24 Halls of the Dead
04:29 Ziggurat
06:18 Ziggurat
06:54 Black Citadel
07:54 Spirit Tower
07:55 Spirit Tower
09:50 Sacrificial Pit
10:57 Boneyard
11:29 Boneyard
12:31 Ziggurat
13:19 Ziggurat
13:56 Ziggurat
14:56 Tomb of Relics
» items
| Rod of Necromancy | 1 | |
| Orb of Corruption | 1 | |
| Scroll of Town Portal | 1 | |
3 total
Chat log
(00:05 / All) 66Dragon6: piink = talons
(00:09 / All) 4v4ATPlayer: oh no not torben
(00:11 / Allies) PEE-ON: btw
(00:15 / Allies) PEE-ON: i had the highest apm last game
(00:15 / All) nR.daN: yes torben
(00:16 / All) EN.TorbeN: O.o ?
(00:17 / All) nR.daN: quit jews
(00:17 / Allies) PEE-ON: and lowest score
(00:20 / All) 4v4ATPlayer: ur so good
(00:22 / Allies) 66Dragon6: cuz you spammed
(00:23 / All) 4v4ATPlayer: I admire u
(00:23 / All) nR.daN: yes
(00:26 / All) EN.TorbeN: ehh
(00:28 / All) nR.daN: i hope you do.,
(00:29 / Allies) PEE-ON: i spammed attack move
(00:30 / All) EN.TorbeN: lol
(00:31 / Allies) PEE-ON: with my 12 dryads
(00:32 / All) EN.TorbeN: gl hf guys
(00:38 / Allies) KNIFE]NOOBELF: shows something about apm,
(00:41 / Allies) PEE-ON: i do a delayed feed
(00:42 / Allies) 4v4ATPlayer: Im eating
(00:42 / Allies) 4v4ATPlayer: so
(00:44 / Allies) PEE-ON: since im on outside on rush map
(00:47 / Allies) 4v4ATPlayer: carry yourselves
(00:49 / All) EN.TorbeN: vc eh brazuca?
(00:56 / Allies) KNIFE]NOOBELF: they good?
(00:59 / Allies) 4v4ATPlayer: torben is proto
(01:06 / Allies) 4v4ATPlayer: and ffa player?
(01:19 / Allies) 66Dragon6: no
(01:20 / Allies) 4v4ATPlayer: yeah I'd play my best
(01:23 / Allies) 66Dragon6: thats en.despiron
(01:23 / Allies) KNIFE]NOOBELF: you guys gotta get some units
(01:31 / Allies) 4v4ATPlayer: I LIKE FEEDING
(01:36 / Allies) KNIFE]NOOBELF: im getting pooled from 10 different people
(01:38 / Allies) 4v4ATPlayer: I will bm bat
(01:39 / Allies) 4v4ATPlayer: jesus
(01:41 / Allies) 4v4ATPlayer: x_x
(01:44 / Allies) PEE-ON: ditto
(01:45 / Allies) PEE-ON: :/
(01:48 / Allies) PEE-ON: but im towering tooo
(02:05 / Allies) 4v4ATPlayer: check torbens expo
(02:09 / Allies) 4v4ATPlayer: asap
(02:10 / All) nR.daN: NECROPHELIA WOOOOO
(02:26 / Allies) KNIFE]NOOBELF: wood me talons
(02:28 / Allies) KNIFE]NOOBELF: ill give back
(02:32 / All) nR.daN: HAH
(02:36 / All) nR.daN: NOOB ELF
(02:38 / All) nR.daN: SCOUTS
(02:39 / All) nR.daN: !_!
(02:49 / All) 4v4ATPlayer: ur an asshole
(02:54 / All) nR.daN: YES I AM
(02:56 / All) nR.daN: TY FOR NOTICING
(02:57 / All) nR.daN: JEW
(03:11 / All) 4v4ATPlayer: nice protocock
(03:20 / All) nR.daN: anyone in the mood for gay ses?
(03:25 / All) nR.daN: sex*
(03:32 / All) 66Dragon6: i'd rather have ses
(03:40 / All) nR.daN: your loss
(03:48 / All) 66Dragon6: fine
(04:14 / Allies) 4v4ATPlayer: no expos
(04:16 / Allies) 4v4ATPlayer: woah
(04:38 / All) nR.daN: SIEG HEIL
(04:45 / All) 4v4ATPlayer: might want to
(04:48 / All) 4v4ATPlayer: cancel that or something
(04:54 / All) 4v4ATPlayer: manner <3
(04:56 / All) 66Dragon6: at least you got the item
(05:02 / All) PEE-ON: KOREA KOREA KOREA
(05:09 / All) nR.daN: ITEM MEANS NOTHING
(05:13 / All) nR.daN: COMPARED TO A NEWB DK
(05:19 / Allies) PEE-ON: he expoded there
(05:20 / Allies) 4v4ATPlayer: check
(05:22 / Allies) 4v4ATPlayer: go
(05:30 / Allies) PEE-ON: ima get boots first
(05:52 / All) 4v4ATPlayer: stop torben
(05:59 / Allies) PEE-ON: good news
(06:00 / Allies) PEE-ON: hes out of dust
(06:13 / Allies) 4v4ATPlayer: salve
(06:15 / Allies) 66Dragon6: gg
(07:22 / All) PEE-ON: ur out of dust
(07:36 / All) 4v4ATPlayer: ITS AN UPHILL BATTLE
(07:38 / All) 4v4ATPlayer: TO BE THE BEST
(07:52 / Allies) 4v4ATPlayer: GOTTA GET SALVES
(07:55 / Allies) 4v4ATPlayer: AND IMBA SHIT
(08:31 / Allies) 4v4ATPlayer: PICK OFF ACOS
(08:44 / All) KNIFE]NOOBELF: terrible
(08:51 / All) 4v4ATPlayer: THEY ARE NEW AT THIS
(08:52 / All) 4v4ATPlayer: APPARENTLY
(09:08 / All) 4v4ATPlayer: TORBEN IS NOT LVL3
(09:12 / All) 4v4ATPlayer: I REPEAT
(09:14 / All) PEE-ON: :D
(09:34 / All) 4v4ATPlayer: THIS IS LIKE AWKWARD PITY SEX
(09:39 / All) 4v4ATPlayer: NOBODY FEELS RIGHT
(09:54 / Allies) 4v4ATPlayer: SWARM THAT BASE SOON
(09:56 / Allies) 4v4ATPlayer: WITH BATS
(10:05 / All) 4v4ATPlayer: THEY CAMP NOW
(10:06 / Allies) PEE-ON: anon provides
(10:13 / All) PEE-ON: O god
(10:37 / All) 4v4ATPlayer: Hello,Im the best
(10:57 / Allies) 4v4ATPlayer: gj
(11:13 / Allies) 4v4ATPlayer: ready to swarm a base
(11:14 / Allies) 4v4ATPlayer: iraq
(11:20 / Allies) PEE-ON: which one
(11:25 / Allies) 4v4ATPlayer: that idiots base
(11:33 / Allies) PEE-ON: i better not force him to tower
(11:40 / Allies) 4v4ATPlayer: wait
(11:42 / Allies) 4v4ATPlayer: till he leaves
(11:48 / All) KNIFE]NOOBELF: they are garbage
(11:49 / Allies) 4v4ATPlayer: force tp
(11:50 / Allies) 66Dragon6: get defense on thoes worms
(11:51 / Allies) 4v4ATPlayer: over there
(11:53 / All) nR.daN: blow me
(11:59 / Allies) 66Dragon6: gettin scrolls
(12:13 / Allies) PEE-ON: yeah force tps
(12:23 / Allies) PEE-ON: not yet pink
(12:27 / Allies) PEE-ON: o god just go
(12:28 / Allies) 4v4ATPlayer: now or never
(12:36 / Allies) 66Dragon6: main
(12:42 / Allies) KNIFE]NOOBELF: tauren vs our mass air
(12:44 / All) 66Dragon6: TP
(12:45 / All) 66Dragon6: TP
(12:45 / All) 66Dragon6: TP
(12:46 / All) 66Dragon6: TP
(12:47 / Allies) KNIFE]NOOBELF: very repectable
(12:49 / Allies) PEE-ON: u just
(12:55 / Allies) KNIFE]NOOBELF: no more resources
(12:55 / Allies) KNIFE]NOOBELF: lol
(13:20 / All) 4v4ATPlayer: what would elton say torben?
(13:22 / All) 4v4ATPlayer: would he be proud
(13:27 / All) EN.TorbeN: ur bad LOl
(13:34 / All) EN.TorbeN: dont fucking talk to me
(13:34 / All) 4v4ATPlayer: mhm
(13:38 / All) EN.TorbeN: i duno who u r
(13:50 / All) 4v4ATPlayer: I stalk u
(13:56 / All) EN.TorbeN: nice fukcing mH
(14:00 / All) 4v4ATPlayer: yeah
(14:03 / All) 4v4ATPlayer: I mh
(14:27 / All) EN.TorbeN: fucking nnoying
(14:30 / All) PEE-ON: no u
(14:46 / Allies) 4v4ATPlayer: uh oh
(14:53 / Allies) 66Dragon6: WPPD
(14:54 / Allies) 66Dragon6: WOOD
(14:56 / Allies) 4v4ATPlayer: gold
(15:05 / Allies) 66Dragon6: ty
(15:18 / All) 4v4ATPlayer: ironic
(15:19 / All) 4v4ATPlayer: nice mh
(15:26 / All) iN00B: ty
(15:37 / All) 4v4ATPlayer: yet u still lose
(15:40 / All) 4v4ATPlayer: gj idiots
(15:51 / All) EN.TorbeN: lol smurf more plz filth
(15:55 / All) 4v4ATPlayer: kk